 Dungeon Crawl Stone Soup version 0.28-a0-1182-g381e24db82 (webtiles) character file.

Game seed: 5099504272383068897

21 bearlyready the Conjurer (level 2, -1/20 HPs)
             Began as a Draconian Conjurer on Dec 16, 2021.
             Slain by a kobold (3 damage)
             ... on level 1 of the Dungeon.
             The game lasted 00:01:35 (913 turns).

bearlyready the Conjurer (Draconian Conjurer)        Turns: 913, Time: 00:01:35

Health: -1/20      AC:  4    Str:  9    XL:     2   Next: 62%
Magic:  4/5        EV: 12    Int: 18    God:
Gold:   51         SH:  0    Dex:  9    Spells: 4/5 levels left

rFire   . . .      SeeInvis .   c - +0 whip
rCold   . . .      Faith    .   (no shield)
rNeg    . . .      Spirit   .   (armour unavailable)
rPois   .          Reflect  .   (helmet restricted)
rElec   .          Harm     .   (no cloak)
rCorr   .          Rampage  .   (no gloves)
Will    .....                   (no boots)
Stlth   ++........              (no amulet)
HPRegen 0.06/turn               (no ring)
MPRegen 0.09/turn               (no ring)

@: slowed, very slow
A: AC +4, unfitting armour, cold-blooded
a: no special abilities


You were on level 1 of the Dungeon.
You visited 1 branch of the dungeon, and saw 1 of its levels.

You collected 51 gold pieces.

Inventory:

Hand Weapons
 c - a +0 whip (weapon)
Scrolls
 a - a scroll of enchant weapon {unknown}
 b - a scroll of summoning {unknown}


   Skills:
 - Level 1.7 Dodging
 - Level 1.7 Stealth
 - Level 2.0 Spellcasting
 + Level 4.8 Conjurations


You had 4 spell levels left.
You knew the following spells:

 Your Spells              Type           Power      Damage    Failure   Level
a - Magic Dart            Conj           76%        1d6       2%          1

Your spell library contained the following spells:

 Spells                   Type           Power      Damage    Failure   Level
 Searing Ray              Conj           38%        2d5       3%          2
 Dazzling Flash           Conj/Hex       20%        N/A       21%         3
 Fulminant Prism          Conj/Hex       5%         3d7       56%         4
 Iskenderun's Mystic Bla  Conj/Tloc      10%        2d4       56%         4


Dungeon Overview and Level Annotations

Branches:
Dungeon (1/15)

Altars:


Innate Abilities, Weirdness & Mutations

Your plain brown scales are hard. (AC +4)
You cannot fit into any form of body armour.
You are cold-blooded and may be slowed by cold attacks.


Message History

The kobold is heavily wounded.
The endoplasm freezes you.
You are frozen.
The kobold closely misses you.
You closely miss the kobold.
The kobold is heavily wounded.
The endoplasm barely misses you. The kobold hits you but does no damage.
You closely miss the kobold.
The kobold is heavily wounded.
The endoplasm freezes you.
You are frozen.
You feel yourself slow down. The kobold closely misses you.
You are too injured to fight recklessly!
You are too injured to fight recklessly!
You are too injured to fight recklessly!
You are too injured to fight recklessly!
You are too injured to fight recklessly!
You are too injured to fight recklessly!
You are too injured to fight recklessly!
You are too injured to fight recklessly!
You are too injured to fight recklessly!
You are too injured to fight recklessly!
You are too injured to fight recklessly!
You are too injured to fight recklessly!
The endoplasm freezes you.
You are frozen.
The kobold barely misses you.
Aiming: Magic Dart (safe; 2% risk of failure)
Press: ? - help, Q - select action Shift-Dir - straight line, f - endoplasm
Aim: an endoplasm (100% to hit)
The magic dart hits the endoplasm.
The endoplasm is moderately wounded.
You feel yourself speed up. The endoplasm freezes you.
You are frozen.
* * * LOW HITPOINT WARNING * * *
You feel yourself slow down. The endoplasm freezes you.
You are frozen.
* * * LOW HITPOINT WARNING * * *
You feel as though you will be slow longer.
The kobold hits you with a +0 dagger.
You die...

###.....................
##..###....######.### #
##..##(...# ^. .# ^8
##........###.##_##.##
##..##.....#.!.........
###..##......#^#.......#^
....###.####.#.^........8
.####....###.####J....###
..........###...@K.......
..P...P.P..#.............
♣♣P..♣♣♣.................
♣P..♣ ♣....#............
♣♣...♣♣♣..#####.#......#>
..P.PP....# ###...###....
..........###....###..###
.....PP....#..#...#..
.♣♣♣♣♣♣♣♣♣♣
♣♣...♣♣♣............#
.......<..


You could see an endoplasm and a kobold.

Vanquished Creatures
  A dart slug (D:1)
  4 ball pythons (D:1)
  An endoplasm (D:1)
  3 giant cockroaches (D:1)
  2 goblins (D:1)
  A quokka (D:1)
  2 bats (D:1)
  2 frilled lizards (D:1)
  3 kobolds (D:1)
19 creatures vanquished.

Vanquished Creatures (others)
  A plant (D:1)
1 creature vanquished.

Grand Total: 20 creatures vanquished

Notes
Turn   | Place    | Note
-------+----------+-------------------------------------------
     0 | D:1      | bearlyready the Draconian Conjurer began the quest for the
                  | Orb.
     0 | D:1      | Reached XP level 1. HP: 14/14 MP: 3/3
   263 | D:1      | Reached XP level 2. HP: 12/20 MP: 1/5
   903 | D:1      | Found a faded altar of an unknown god.
   913 | D:1      | Slain by a kobold

Illustrated notes

Levels and vault maps discovered:
D:1:      eino_arrival_tree_alley, layout_rooms,
          shapermc_ecumenical_altar_mp_highgroup, kennysheep_boxes

Action                   || total
-------------------------++-------
Melee: Unarmed           ||    18
       Tailslap          ||     4
       Whip              ||    24
 Cast: Magic Dart        ||    30
Armor: Skin              ||     9
Dodge: Dodged            ||    37

Table legend: (Time is in decaauts)
 A = Elapsed time spent in this place.
 B = Non-inter-level travel time spent in this place.
 C = Inter-level travel time spent in this place.
 D = Time resting spent in this place.
 E = Time spent auto-exploring this place.
 F = Levels seen in this place.
 G = Mean time per level.
                   A        B        C        D        E       F      G
               +--------+--------+--------+--------+--------+-----+--------+
         Total |    915 |    915 |      0 |      0 |    779 |   1 |  915.0 |
       Dungeon |    915 |    915 |      0 |      0 |    779 |   1 |  915.0 |
               +--------+--------+--------+--------+--------+-----+--------+

Top non-repeatable levels by time:
     D:1: 915 daAuts
